ANAHEIM vs MINNESOTA

Created - April 19, 2021 at 15:04

Goals
1 2 3 T
ANAHEIM 2 2 0 4
MINNESOTA 1 1 0 2
Shots
1 2 3 T
ANAHEIM 10 6 8 24
MINNESOTA 11 9 6 26

1st period

1. MINNESOTA , Tomas Hertl 17 (Tanner Pearson 12, Erik Karlsson 29) at 16:37 (PP)
2. ANAHEIM , Joel Edmundson 6 (Olli Maatta 17, Pierre-Luc Dubois 16) at 16:49
3. ANAHEIM , Connor McDavid 17 (Anton Stralman 28, Jason Zucker 23) at 19:27 (PP)

Penalties :
Tyler Motte (ANA) for Roughing (Minor) at 15:17, Nikita Kucherov (MIN) for Slashing (Minor) at 19:15

2nd period

4. ANAHEIM , Andreas Athanasiou 15 (Zach Sanford 11, Evgeny Kuznetsov 24) at 7:30
5. MINNESOTA , Matt Calvert 5 (Erik Karlsson 30, Johan Larsson 10) at 7:38
6. ANAHEIM , Jason Zucker 13 (Connor McDavid 26, Olli Maatta 18) at 13:08

Penalties :
Zach Hyman (MIN) for Interference (Minor) at 0:14, Mark Giordano (MIN) for Tripping (Minor) at 4:54, Tyler Motte (ANA) for Tripping (Minor) at 4:54, Joel Edmundson (ANA) for Goalie Interference (Minor) at 8:12, Zach Hyman (MIN) for Slashing (Minor) at 8:21, Olli Maatta (ANA) for Slashing (Minor) at 14:52, Niklas Hjalmarsson (MIN) for Interference (Minor) at 17:03

3rd period

No Goal

Penalties :
Zach Hyman (MIN) for Hooking (Minor) at 1:08, Niklas Hjalmarsson (MIN) for Hooking (Minor) at 7:44

Goalie Stats

Cam Talbot (ANA), 24 saves from 26 shots - (0.923), W, 17-17-6, 60:00 minutes
Andrei Vasilevskiy (MIN), 20 saves from 24 shots - (0.833), L, 26-16-2, 60:00 minutes

Players Stats for ANAHEIM

Player Name              G  A  P  +/- PIM S  H  SB GA TA FO     MP     PP MP  PK MP  
------------------------------------------------------------------------------------
Andreas Athanasiou       1  0  1   1  0   3  2  0  0  0  0/1    17:45   3:41   0:00 
Andrew Shaw              0  0  0   0  0   2  0  0  0  0  0/1     3:40   0:16   0:00 
Anton Stralman           0  1  1  -1  0   0  3  0  0  0  0/0    20:49   3:53   0:43 
Caleb Jones              0  0  0   0  0   0  2  1  0  0  0/0    15:24   0:00   0:49 
Chris Wagner             0  0  0   0  0   0  1  0  0  0  1/2     4:58   1:08   0:00 
Connor McDavid           1  1  2   0  0   3  1  0  0  0  14/29  22:52   3:47   2:21 
Evgeny Kuznetsov         0  1  1   1  0   3  0  0  0  0  2/14   22:23   3:41   1:11 
Frank Vatrano            0  0  0   0  0   2  3  0  0  0  1/2    16:26   4:20   0:30 
Jake McCabe              0  0  0  -1  0   0  3  2  0  0  0/0    20:40   3:44   0:43 
Jason Zucker             1  1  2   0  0   6  0  0  0  0  2/2    18:44   4:20   0:57 
Joel Edmundson           1  0  1   2  2   1  1  0  0  0  0/0    18:48   3:44   2:11 
Michael Frolik           0  0  0   1  0   0  0  0  0  0  0/1    16:26   0:16   1:00 
Mike Green               0  0  0   1  0   0  1  0  0  0  0/0     6:52   0:16   1:10 
Olli Maatta              0  2  2   3  2   1  3  1  0  0  0/0    21:34   4:08   0:46 
Pierre-Luc Dubois        0  1  1   1  0   3  0  0  0  0  6/15   17:04   0:00   0:57 
Trevor van Riemsdyk      0  0  0   0  0   0  1  3  0  0  0/0    15:51   0:49   0:34 
Tyler Motte              0  0  0   1  4   0  2  0  0  0  1/1    14:57   0:00   0:00 
Zach Sanford             0  1  1   1  0   0  1  0  0  0  0/1    17:26   3:22   0:00 

Players Stats for MINNESOTA

Player Name              G  A  P  +/- PIM S  H  SB GA TA FO     MP     PP MP  PK MP  
------------------------------------------------------------------------------------
Brett Kulak              0  0  0  -1  0   0  0  2  0  0  0/0    15:55   0:00   4:22 
Colin White              0  0  0  -1  0   0  0  0  0  0  3/7     9:25   0:00   0:00 
Dominik Kahun            0  0  0  -1  0   0  0  0  0  0  0/0    10:42   0:00   1:17 
Erik Karlsson            0  2  2  -1  0   2  1  2  0  0  0/0    24:34   1:55   3:47 
Johan Larsson            0  1  1   1  0   0  0  0  0  0  8/12    8:35   0:00   2:44 
John Tavares             0  0  0   0  0   3  1  0  0  0  11/18  19:19   1:18   0:00 
Kyle Connor              0  0  0   0  0   4  0  0  0  0  0/0    19:19   1:18   0:00 
Mark Giordano            0  0  0   0  2   3  6  0  0  0  0/0    21:57   0:00   4:54 
Mats Zuccarello          0  0  0  -2  0   0  3  0  0  0  4/5    17:18   1:18   2:44 
Matt Calvert             1  0  1   1  0   1  0  0  0  0  0/0     5:51   0:00   0:00 
Nikita Kucherov          0  0  0   0  2   4  2  0  0  0  0/1    19:08   1:33   0:00 
Niklas Hjalmarsson       0  0  0  -1  4   3  0  1  0  0  0/0    13:56   0:00   2:15 
Oliver Ekman-Larsson     0  0  0   0  0   1  1  0  0  0  0/0    20:58   1:55   1:13 
Tanner Pearson           0  1  1  -1  0   2  1  0  0  0  1/2    16:16   2:10   4:41 
Tomas Hertl              1  0  1  -2  0   1  0  0  0  0  13/21  21:24   2:10   4:16 
Torey Krug               0  0  0  -1  0   1  1  0  0  0  0/0    21:04   1:33   0:03 
William Carrier          0  0  0   1  0   0  0  0  0  0  0/0     6:43   0:00   0:52 
Zach Hyman               0  0  0  -2  6   1  2  0  0  0  2/3    15:23   2:09   0:00 

3 Stars

1 - Olli Maatta (ANA)
2 - Connor McDavid (ANA)
3 - Jason Zucker (ANA)

Power Play

ANAHEIM - 1 on 6 Attempt(s) - 16.67%
MINNESOTA - 1 on 3 Attempt(s) - 33.33%

Penalty Kill

ANAHEIM - 2 on 3 Attempt(s) - 66.67% - Score 0 goal in Penalty Kill
MINNESOTA - 5 on 6 Attempt(s) - 83.33% - Score 0 goal in Penalty Kill

Team Stat

ANAHEIM - Hits : 24 - Faceoff Wins : 27 - Blocked Shots : 7 - Penalty Minutes : 8
MINNESOTA - Hits : 18 - Faceoff Wins : 42 - Blocked Shots : 5 - Penalty Minutes : 14

Official

Referees : Kevin Pollock and Scott Cockwell
Linesman : Julien Fournier and Steve Barton

Game Notes

No Game Note

Finance

Level 1 -- Attendance: 4824 (80.40%) -- Ticket Income $482,400
Level 2 -- Attendance: 3986 (79.72%) -- Ticket Income $239,160
Level 3 -- Attendance: 1776 (88.80%) -- Ticket Income $62,160
Level 4 -- Attendance: 3723 (93.08%) -- Ticket Income $74,460
Luxury Box -- Attendance: 722 (72.20%) -- Ticket Income $144,400
Game was played at the Xcel Energy Center.
Total Attendance: 15031 (83.51%)
Total Ticket Income: $1,002,580
Total Income: $1,002,580

ANAHEIM

5 vs 5 Forward 
   Center                   Left Wing                Right Wing               Time % Phy DF OF 
 1 Connor McDavid           Jason Zucker             Frank Vatrano            35     1   2  2  
 2 Evgeny Kuznetsov         Andreas Athanasiou       Zach Sanford             30     1   2  2  
 3 Pierre-Luc Dubois        Michael Frolik           Tyler Motte              25     1   2  2  
 4 Andrew Shaw              Connor McDavid           Evgeny Kuznetsov         10     1   2  2  

5 vs 5 Defense 
   Defense                  Defense                                           Time % Phy DF OF 
 1 Olli Maatta              Joel Edmundson                                    35     1   2  2  
 2 Anton Stralman           Jake McCabe                                       30     1   2  2  
 3 Trevor van Riemsdyk      Caleb Jones                                       25     1   2  2  
 4 Mike Green               Olli Maatta                                       10     1   2  2  

PowerPlay Forward 
   Center                   Left Wing                Right Wing               Time % Phy DF OF 
 1 Connor McDavid           Jason Zucker             Frank Vatrano            60     1   2  2  
 2 Evgeny Kuznetsov         Andreas Athanasiou       Zach Sanford             40     1   2  2  

PowerPlay Defense
   Defense                  Defense                                           Time % Phy DF OF 
 1 Olli Maatta              Joel Edmundson                                    60     1   2  2  
 2 Anton Stralman           Jake McCabe                                       40     1   2  2  

Penalty Kill 4 Players Forward 
   Center                   Wing                     Time % Phy DF OF 
 1 Connor McDavid           Evgeny Kuznetsov         60     1   2  2  
 2 Pierre-Luc Dubois        Jason Zucker             40     1   2  2  

Penalty Kill 4 Players Defense
   Defense                  Defense                  Time % Phy DF OF 
 1 Olli Maatta              Joel Edmundson           60     1   2  2  
 2 Anton Stralman           Jake McCabe              40     1   2  2  

Penalty Kill - 3 Players Forward 
   Forward                                           Time % Phy DF OF 
 1 Connor McDavid                                    60     1   2  2  
 2 Evgeny Kuznetsov                                  40     1   2  2  

Penalty Kill - 3 Players Defense
   Defense                  Defense                  Time % Phy DF OF 
 1 Olli Maatta              Joel Edmundson           60     1   2  2  
 2 Anton Stralman           Jake McCabe              40     1   2  2  

4 vs 4 Forward 
   Center                   Wing                     Time % Phy DF OF 
 1 Connor McDavid           Evgeny Kuznetsov         60     1   2  2  
 2 Pierre-Luc Dubois        Jason Zucker             40     1   2  2  

4 vs 4 Defense
   Defense                  Defense                  Time % Phy DF OF 
 1 Olli Maatta              Joel Edmundson           60     1   2  2  
 2 Anton Stralman           Jake McCabe              40     1   2  2  

Last Minutes Offensive
   Center                   Left Wing                Right Wing               Defense                  Defense                  
   Connor McDavid           Jason Zucker             Frank Vatrano            Olli Maatta              Joel Edmundson           

Last Minutes Defensive
   Center                   Left Wing                Right Wing               Defense                  Defense                  
   Connor McDavid           Jason Zucker             Frank Vatrano            Olli Maatta              Joel Edmundson           

Goaltenders
Starting : Cam Talbot               
Backup : Juuse Saros              

Extra Forwards
Normal : Chris Wagner, Andrew Shaw, Michael Frolik - PP : Chris Wagner, Andrew Shaw - PK : Michael Frolik
Extra Defensemen
Normal : Trevor van Riemsdyk, Caleb Jones, Mike Green - PP : Trevor van Riemsdyk - PK : Caleb Jones, Mike Green
Penalty Shots
Connor McDavid, Evgeny Kuznetsov, Pierre-Luc Dubois, Jason Zucker, Frank Vatrano

Scratches
ANA Cap Hit (Suspend)

MINNESOTA

5 vs 5 Forward 
   Center                   Left Wing                Right Wing               Time % Phy DF OF 
 1 John Tavares             Kyle Connor              Nikita Kucherov          37     0   1  4  
 2 Tomas Hertl              Zach Hyman               Mats Zuccarello          33     1   2  2  
 3 Colin White              Tanner Pearson           Dominik Kahun            20     1   2  2  
 4 Johan Larsson            William Carrier          Matt Calvert             10     2   2  1  

5 vs 5 Defense 
   Defense                  Defense                                           Time % Phy DF OF 
 1 Mark Giordano            Torey Krug                                        39     0   2  3  
 2 Oliver Ekman-Larsson     Erik Karlsson                                     37     1   2  2  
 3 Brett Kulak              Niklas Hjalmarsson                                17     1   2  2  
 4 Torey Krug               Erik Karlsson                                     7      0   2  3  

PowerPlay Forward 
   Center                   Left Wing                Right Wing               Time % Phy DF OF 
 1 John Tavares             Mats Zuccarello          Kyle Connor              60     0   0  5  
 2 Tomas Hertl              Zach Hyman               Tanner Pearson           40     1   0  4  

PowerPlay Defense
   Defense                  Defense                                           Time % Phy DF OF 
 1 Torey Krug               Nikita Kucherov                                   60     0   1  4  
 2 Erik Karlsson            Oliver Ekman-Larsson                              40     1   1  3  

Penalty Kill 4 Players Forward 
   Center                   Wing                     Time % Phy DF OF 
 1 Tomas Hertl              Tanner Pearson           60     1   4  0  
 2 Johan Larsson            Mats Zuccarello          40     1   3  1  

Penalty Kill 4 Players Defense
   Defense                  Defense                  Time % Phy DF OF 
 1 Mark Giordano            Niklas Hjalmarsson       60     1   3  1  
 2 Erik Karlsson            Brett Kulak              40     1   4  0  

Penalty Kill - 3 Players Forward 
   Forward                                           Time % Phy DF OF 
 1 Johan Larsson                                     60     1   4  0  
 2 Matt Calvert                                      40     1   4  0  

Penalty Kill - 3 Players Defense
   Defense                  Defense                  Time % Phy DF OF 
 1 Mark Giordano            Niklas Hjalmarsson       60     1   4  0  
 2 Oliver Ekman-Larsson     Erik Karlsson            40     1   4  0  

4 vs 4 Forward 
   Center                   Wing                     Time % Phy DF OF 
 1 John Tavares             Kyle Connor              55     1   2  2  
 2 Tomas Hertl              Nikita Kucherov          45     1   1  3  

4 vs 4 Defense
   Defense                  Defense                  Time % Phy DF OF 
 1 Mark Giordano            Torey Krug               50     1   2  2  
 2 Oliver Ekman-Larsson     Erik Karlsson            50     1   2  2  

Last Minutes Offensive
   Center                   Left Wing                Right Wing               Defense                  Defense                  
   John Tavares             Kyle Connor              Nikita Kucherov          Torey Krug               Erik Karlsson            

Last Minutes Defensive
   Center                   Left Wing                Right Wing               Defense                  Defense                  
   Tomas Hertl              Zach Hyman               Matt Calvert             Mark Giordano            Niklas Hjalmarsson       

Goaltenders
Starting : Andrei Vasilevskiy       
Backup : Gilles Senn              

Extra Forwards
Normal : Tomas Hertl, Zach Hyman, Nikita Kucherov - PP : Zach Hyman, Nikita Kucherov - PK : Tomas Hertl
Extra Defensemen
Normal : Oliver Ekman-Larsson, Erik Karlsson, Mark Giordano - PP : Torey Krug - PK : Niklas Hjalmarsson, Mark Giordano
Penalty Shots
Nikita Kucherov, Mats Zuccarello, Kyle Connor, Tomas Hertl, Tanner Pearson

Scratches
MIN Cap Hit (Healthy)

% Time on Ice - ANAHEIM

Lines # - Real PCT - Wanted PCT - Time Play
Normal Forward
1 - 27% - 35% - 11:48
2 - 32% - 30% - 14:04
3 - 34% - 25% - 15:10
4 - 8% - 10% - 3:24
Normal Defense
1 - 27% - 35% - 12:05
2 - 32% - 30% - 14:10
3 - 30% - 25% - 13:31
4 - 11% - 10% - 4:40
PP Forward
1 - 56% - 60% - 4:36
2 - 44% - 40% - 3:41
PP Defense
1 - 55% - 60% - 4:33
2 - 45% - 40% - 3:44
PK Forward
1 - 73% - 60% - 2:31
2 - 27% - 40% - 0:57
PK Defense
1 - 79% - 60% - 2:45
2 - 21% - 40% - 0:43
PK3 Forward
1 - 0% - 60%
2 - 0% - 40%
PK3 Defense
1 - 0% - 60%
2 - 0% - 40%
44 Forward
1 - 57% - 60% - 2:10
2 - 43% - 40% - 1:39
44 Defense
1 - 46% - 60% - 1:46
2 - 54% - 40% - 2:03
Last Minute Offensive  - 0:00
Last Minute Defensive  - 0:00
Total
Forward - 60:00
Defense - 60:00

% Time on Ice - MINNESOTA

Lines # - Real PCT - Wanted PCT - Time Play
Normal Forward
1 - 36% - 37% - 15:54
2 - 30% - 33% - 13:16
3 - 21% - 20% - 9:25
4 - 13% - 10% - 5:51
Normal Defense
1 - 38% - 39% - 16:40
2 - 36% - 37% - 15:47
3 - 25% - 17% - 10:57
4 - 2% - 7% - 1:02
PP Forward
1 - 38% - 60% - 1:18
2 - 63% - 40% - 2:10
PP Defense
1 - 45% - 60% - 1:33
2 - 55% - 40% - 1:55
PK Forward
1 - 67% - 60% - 5:33
2 - 33% - 40% - 2:44
PK Defense
1 - 77% - 60% - 6:25
2 - 23% - 40% - 1:52
PK3 Forward
1 - 0% - 60%
2 - 0% - 40%
PK3 Defense
1 - 0% - 60%
2 - 0% - 40%
44 Forward
1 - 55% - 55% - 2:07
2 - 45% - 45% - 1:42
44 Defense
1 - 46% - 50% - 1:46
2 - 54% - 50% - 2:03
Last Minute Offensive  - 0:00
Last Minute Defensive  - 0:00
Total
Forward - 60:00
Defense - 60:00

Play-by-Play

1st period


0:01 of 1st period - Connor McDavid wins face-off versus John Tavares in neutral zone.
0:13 of 1st period - Shot by Kyle Connor.
0:13 of 1st period - Stopped by Cam Talbot without a rebound.
0:14 of 1st period - Tomas Hertl wins face-off versus Evgeny Kuznetsov in ANAHEIM zone.
1:15 of 1st period - Shot by Mark Giordano.
1:15 of 1st period - Stopped by Cam Talbot with a rebound.
1:29 of 1st period - Off-side.
1:30 of 1st period - John Tavares wins face-off versus Pierre-Luc Dubois in neutral zone.
1:37 of 1st period - Tyler Motte is hit by Nikita Kucherov and loses puck.
1:44 of 1st period - Shot by John Tavares.
1:44 of 1st period - Shot Blocked by Trevor van Riemsdyk.
1:46 of 1st period - Shot by Niklas Hjalmarsson.
1:46 of 1st period - Stopped by Cam Talbot without a rebound.
1:47 of 1st period - Connor McDavid wins face-off versus Johan Larsson in ANAHEIM zone.
1:58 of 1st period - Shot by Connor McDavid.
1:58 of 1st period - Deflect By Jason Zucker.
1:58 of 1st period - Stopped by Andrei Vasilevskiy with a rebound.
2:54 of 1st period - Shot by Nikita Kucherov.
2:54 of 1st period - Deflect By John Tavares.
2:54 of 1st period - Shot Misses the Net.
2:58 of 1st period - Shot by Nikita Kucherov.
2:58 of 1st period - Stopped by Cam Talbot without a rebound.
2:59 of 1st period - Colin White wins face-off versus Andrew Shaw in ANAHEIM zone.
4:02 of 1st period - Shot by Nikita Kucherov.
4:02 of 1st period - Stopped by Cam Talbot with a rebound.
5:37 of 1st period - Niklas Hjalmarsson is hit by Chris Wagner and loses puck.
5:53 of 1st period - Tanner Pearson is hit by Anton Stralman and loses puck.
6:12 of 1st period - Colin White is hit by Caleb Jones.
6:30 of 1st period - Frank Vatrano is hit by Nikita Kucherov and loses puck.
6:39 of 1st period - Shot by Kyle Connor.
6:39 of 1st period - Stopped by Cam Talbot without a rebound.
6:40 of 1st period - Johan Larsson wins face-off versus Pierre-Luc Dubois in ANAHEIM zone.
6:58 of 1st period - Pierre-Luc Dubois is hit by Oliver Ekman-Larsson.
7:54 of 1st period - Shot by Kyle Connor.
7:54 of 1st period - Deflect By Nikita Kucherov.
7:54 of 1st period - Shot Misses the Net.
8:36 of 1st period - Shot by Mats Zuccarello.
8:36 of 1st period - Shot Misses the Net.
8:44 of 1st period - Chris Wagner is hit by Zach Hyman and loses puck.
10:39 of 1st period - Shot by Mark Giordano.
10:39 of 1st period - Stopped by Cam Talbot with a rebound.
10:53 of 1st period - Shot by Johan Larsson.
10:53 of 1st period - Shot Misses the Net.
11:54 of 1st period - Icing by Oliver Ekman-Larsson.
11:55 of 1st period - Zach Hyman wins face-off versus Connor McDavid in MINNESOTA zone.
12:19 of 1st period - Shot by Jason Zucker.
12:19 of 1st period - Stopped by Andrei Vasilevskiy with a rebound.
12:37 of 1st period - Caleb Jones is hit by Mark Giordano and loses puck.
12:56 of 1st period - Nikita Kucherov is hit by Andreas Athanasiou.
13:37 of 1st period - Shot by Andrew Shaw.
13:37 of 1st period - Stopped by Andrei Vasilevskiy without a rebound.
13:38 of 1st period - Chris Wagner wins face-off versus Johan Larsson in MINNESOTA zone.
13:39 of 1st period - Shot by Jason Zucker.
13:39 of 1st period - Deflect By Frank Vatrano.
13:39 of 1st period - Stopped by Andrei Vasilevskiy without a rebound.
13:40 of 1st period - Colin White wins face-off versus Connor McDavid in MINNESOTA zone.
14:04 of 1st period - Shot by Dominik Kahun.
14:04 of 1st period - Shot Misses the Net.
14:14 of 1st period - Shot by Colin White.
14:14 of 1st period - Shot Misses the Net.
14:50 of 1st period - Shot by Evgeny Kuznetsov.
14:50 of 1st period - Stopped by Andrei Vasilevskiy without a rebound.
14:51 of 1st period - Pierre-Luc Dubois wins face-off versus John Tavares in MINNESOTA zone.
14:51 of 1st period - Caleb Jones is hit by Mark Giordano and loses puck.
14:57 of 1st period - Icing by Torey Krug.
14:58 of 1st period - John Tavares wins face-off versus Pierre-Luc Dubois in MINNESOTA zone.
15:11 of 1st period - Tyler Motte is hit by Torey Krug and loses puck.
15:17 of 1st period - Minor Penalty to Tyler Motte for Roughing.
15:18 of 1st period - Tomas Hertl wins face-off versus Connor McDavid in ANAHEIM zone.
16:15 of 1st period - Shot by Kyle Connor.
16:15 of 1st period - Shot Blocked by Jake McCabe.
16:17 of 1st period - Shot by Kyle Connor.
16:17 of 1st period - Deflect By John Tavares.
16:17 of 1st period - Shot Misses the Net.
16:19 of 1st period - Shot by Erik Karlsson.
16:19 of 1st period - Stopped by Cam Talbot without a rebound.
16:20 of 1st period - Mats Zuccarello wins face-off versus Michael Frolik in ANAHEIM zone.
16:29 of 1st period - Shot by Kyle Connor.
16:29 of 1st period - Stopped by Cam Talbot without a rebound.
16:30 of 1st period - John Tavares wins face-off versus Pierre-Luc Dubois in ANAHEIM zone.
16:31 of 1st period - Shot by Kyle Connor.
16:31 of 1st period - Stopped by Cam Talbot without a rebound.
16:32 of 1st period - Zach Hyman wins face-off versus Evgeny Kuznetsov in ANAHEIM zone.
16:35 of 1st period - Shot by Tanner Pearson.
16:35 of 1st period - Shot Misses the Net.
16:37 of 1st period - Shot by Tomas Hertl.
16:37 of 1st period - Goal by Tomas Hertl - ANAHEIM : 0 - MINNESOTA : 1.
16:38 of 1st period - Tyler Motte wins face-off versus John Tavares in neutral zone.
16:45 of 1st period - Shot by Pierre-Luc Dubois.
16:45 of 1st period - Stopped by Andrei Vasilevskiy without a rebound.
16:46 of 1st period - Pierre-Luc Dubois wins face-off versus Mats Zuccarello in MINNESOTA zone.
16:49 of 1st period - Shot by Joel Edmundson.
16:49 of 1st period - Goal by Joel Edmundson - ANAHEIM : 1 - MINNESOTA : 1.
16:50 of 1st period - Mats Zuccarello wins face-off versus Evgeny Kuznetsov in neutral zone.
17:12 of 1st period - Icing by Olli Maatta.
17:13 of 1st period - Evgeny Kuznetsov wins face-off versus Nikita Kucherov in ANAHEIM zone.
17:22 of 1st period - Shot by Evgeny Kuznetsov.
17:22 of 1st period - Stopped by Andrei Vasilevskiy without a rebound.
17:23 of 1st period - Connor McDavid wins face-off versus Colin White in MINNESOTA zone.
18:03 of 1st period - Shot by Jason Zucker.
18:03 of 1st period - Shot Blocked by Erik Karlsson.
18:12 of 1st period - Off-side.
18:13 of 1st period - John Tavares wins face-off versus Zach Sanford in neutral zone.
19:15 of 1st period - Minor Penalty to Nikita Kucherov for Slashing.
19:16 of 1st period - Connor McDavid wins face-off versus Tomas Hertl in MINNESOTA zone.
19:19 of 1st period - Shot by Frank Vatrano.
19:19 of 1st period - Shot Misses the Net.
19:21 of 1st period - Shot by Jake McCabe.
19:21 of 1st period - Deflect By Connor McDavid.
19:21 of 1st period - Shot Misses the Net.
19:23 of 1st period - Shot by Anton Stralman.
19:23 of 1st period - Shot Blocked by Erik Karlsson.
19:25 of 1st period - Shot by Jason Zucker.
19:25 of 1st period - Stopped by Andrei Vasilevskiy with a rebound.
19:27 of 1st period - Shot by Anton Stralman.
19:27 of 1st period - Deflect By Connor McDavid.
19:27 of 1st period - Goal by Connor McDavid - ANAHEIM : 2 - MINNESOTA : 1.
19:28 of 1st period - Mats Zuccarello wins face-off versus Pierre-Luc Dubois in neutral zone.
Goals for this period are 2 for ANAHEIM vs 1 for MINNESOTA.
Shots for this period are 10 for ANAHEIM vs 11 for MINNESOTA.

2nd period


0:01 of 2nd period - Tomas Hertl wins face-off versus Connor McDavid in neutral zone.
0:14 of 2nd period - Minor Penalty to Zach Hyman for Interference.
0:15 of 2nd period - Tomas Hertl wins face-off versus Andreas Athanasiou in MINNESOTA zone.
0:28 of 2nd period - Shot by Andreas Athanasiou.
0:28 of 2nd period - Shot Blocked by Niklas Hjalmarsson.
0:35 of 2nd period - Icing by Jake McCabe.
0:36 of 2nd period - Tomas Hertl wins face-off versus Evgeny Kuznetsov in ANAHEIM zone.
0:36 of 2nd period - Tomas Hertl is hit by Anton Stralman.
0:38 of 2nd period - Shot by Tanner Pearson.
0:38 of 2nd period - Stopped by Cam Talbot with a rebound.
1:59 of 2nd period - Shot by Olli Maatta.
1:59 of 2nd period - Shot Blocked by Brett Kulak.
2:01 of 2nd period - Shot by Connor McDavid.
2:01 of 2nd period - Stopped by Andrei Vasilevskiy without a rebound.
2:02 of 2nd period - Tanner Pearson wins face-off versus Frank Vatrano in MINNESOTA zone.
2:02 of 2nd period - Tanner Pearson is hit by Connor McDavid.
2:11 of 2nd period - Icing by Frank Vatrano.
2:12 of 2nd period - Johan Larsson wins face-off versus Connor McDavid in ANAHEIM zone.
2:21 of 2nd period - Shot by Nikita Kucherov.
2:21 of 2nd period - Shot Misses the Net.
2:49 of 2nd period - Kyle Connor is hit by Tyler Motte and loses puck.
3:01 of 2nd period - Icing by Erik Karlsson.
3:02 of 2nd period - Connor McDavid wins face-off versus John Tavares in MINNESOTA zone.
4:04 of 2nd period - Shot by Zach Hyman.
4:04 of 2nd period - Shot Misses the Net.
4:39 of 2nd period - Icing by Torey Krug.
4:40 of 2nd period - Pierre-Luc Dubois wins face-off versus Tomas Hertl in MINNESOTA zone.
4:40 of 2nd period - Pierre-Luc Dubois is hit by Mark Giordano.
4:53 of 2nd period - Pierre-Luc Dubois is hit by Mark Giordano.
4:54 of 2nd period - Minor Penalty to Mark Giordano for Tripping.
4:54 of 2nd period - Minor Penalty to Tyler Motte for Tripping.
4:55 of 2nd period - John Tavares wins face-off versus Connor McDavid in MINNESOTA zone.
5:22 of 2nd period - Shot by John Tavares.
5:22 of 2nd period - Stopped by Cam Talbot without a rebound.
5:23 of 2nd period - Connor McDavid wins face-off versus John Tavares in ANAHEIM zone.
6:22 of 2nd period - Shot by Pierre-Luc Dubois.
6:22 of 2nd period - Shot Blocked by Brett Kulak.
7:06 of 2nd period - Icing by Trevor van Riemsdyk.
7:07 of 2nd period - Pierre-Luc Dubois wins face-off versus Johan Larsson in ANAHEIM zone.
7:14 of 2nd period - Shot by Pierre-Luc Dubois.
7:14 of 2nd period - Stopped by Andrei Vasilevskiy without a rebound.
7:15 of 2nd period - Colin White wins face-off versus Evgeny Kuznetsov in MINNESOTA zone.
7:26 of 2nd period - Shot by Andreas Athanasiou.
7:26 of 2nd period - Deflect By Evgeny Kuznetsov.
7:26 of 2nd period - Shot Misses the Net.
7:28 of 2nd period - Shot by Zach Sanford.
7:28 of 2nd period - Shot Misses the Net.
7:30 of 2nd period - Shot by Andreas Athanasiou.
7:30 of 2nd period - Goal by Andreas Athanasiou - ANAHEIM : 3 - MINNESOTA : 1.
7:31 of 2nd period - Johan Larsson wins face-off versus Connor McDavid in neutral zone.
7:31 of 2nd period - Erik Karlsson is hit by Frank Vatrano and loses puck.
7:38 of 2nd period - Shot by Matt Calvert.
7:38 of 2nd period - Goal by Matt Calvert - ANAHEIM : 3 - MINNESOTA : 2.
7:39 of 2nd period - John Tavares wins face-off versus Connor McDavid in neutral zone.
7:39 of 2nd period - John Tavares is hit by Frank Vatrano.
8:07 of 2nd period - Shot by John Tavares.
8:07 of 2nd period - Shot Misses the Net.
8:12 of 2nd period - Minor Penalty to Joel Edmundson for Goalie Interference.
8:13 of 2nd period - Tomas Hertl wins face-off versus Connor McDavid in ANAHEIM zone.
8:13 of 2nd period - Nikita Kucherov is hit by Jake McCabe and loses puck.
8:21 of 2nd period - Minor Penalty to Zach Hyman for Slashing.
8:22 of 2nd period - John Tavares wins face-off versus Connor McDavid in MINNESOTA zone.
8:57 of 2nd period - Shot by John Tavares.
8:57 of 2nd period - Shot Misses the Net.
9:27 of 2nd period - Shot by Nikita Kucherov.
9:27 of 2nd period - Shot Misses the Net.
9:45 of 2nd period - Shot by Tomas Hertl.
9:45 of 2nd period - Shot Blocked by Trevor van Riemsdyk.
9:47 of 2nd period - Shot by Tomas Hertl.
9:47 of 2nd period - Deflect By Nikita Kucherov.
9:47 of 2nd period - Shot Blocked by Trevor van Riemsdyk.
11:29 of 2nd period - Tanner Pearson is hit by Jake McCabe and loses puck.
11:34 of 2nd period - Shot by Torey Krug.
11:34 of 2nd period - Stopped by Cam Talbot without a rebound.
11:35 of 2nd period - John Tavares wins face-off versus Connor McDavid in ANAHEIM zone.
11:44 of 2nd period - Shot by John Tavares.
11:44 of 2nd period - Stopped by Cam Talbot without a rebound.
11:45 of 2nd period - Connor McDavid wins face-off versus Tomas Hertl in ANAHEIM zone.
11:45 of 2nd period - Connor McDavid is hit by Mats Zuccarello.
11:59 of 2nd period - Shot by Frank Vatrano.
11:59 of 2nd period - Stopped by Andrei Vasilevskiy without a rebound.
12:00 of 2nd period - John Tavares wins face-off versus Pierre-Luc Dubois in MINNESOTA zone.
12:09 of 2nd period - Trevor van Riemsdyk is hit by John Tavares and loses puck.
12:38 of 2nd period - Shot by Kyle Connor.
12:38 of 2nd period - Shot Misses the Net.
12:40 of 2nd period - Shot by Mark Giordano.
12:40 of 2nd period - Stopped by Cam Talbot without a rebound.
12:41 of 2nd period - Tomas Hertl wins face-off versus Connor McDavid in ANAHEIM zone.
13:08 of 2nd period - Shot by Jason Zucker.
13:08 of 2nd period - Goal by Jason Zucker - ANAHEIM : 4 - MINNESOTA : 2.
13:09 of 2nd period - Evgeny Kuznetsov wins face-off versus Colin White in neutral zone.
13:35 of 2nd period - Tanner Pearson is hit by Anton Stralman and loses puck.
13:58 of 2nd period - Nikita Kucherov is hit by Zach Sanford and loses puck.
14:06 of 2nd period - Nikita Kucherov is hit by Andreas Athanasiou and loses puck.
14:52 of 2nd period - Minor Penalty to Olli Maatta for Slashing.
14:53 of 2nd period - Pierre-Luc Dubois wins face-off versus Tanner Pearson in ANAHEIM zone.
15:04 of 2nd period - Shot by Oliver Ekman-Larsson.
15:04 of 2nd period - Stopped by Cam Talbot with a rebound.
15:14 of 2nd period - Joel Edmundson is hit by Zach Hyman and loses puck.
15:25 of 2nd period - Shot by Erik Karlsson.
15:25 of 2nd period - Shot Misses the Net.
15:27 of 2nd period - Shot by Tanner Pearson.
15:27 of 2nd period - Shot Misses the Net.
15:29 of 2nd period - Shot by Zach Hyman.
15:29 of 2nd period - Stopped by Cam Talbot with a rebound.
15:49 of 2nd period - Shot by John Tavares.
15:49 of 2nd period - Shot Misses the Net.
15:51 of 2nd period - Shot by Nikita Kucherov.
15:51 of 2nd period - Stopped by Cam Talbot with a rebound.
17:03 of 2nd period - Minor Penalty to Niklas Hjalmarsson for Interference.
17:04 of 2nd period - Johan Larsson wins face-off versus Chris Wagner in MINNESOTA zone.
17:54 of 2nd period - Shot by Andreas Athanasiou.
17:54 of 2nd period - Deflect By Evgeny Kuznetsov.
17:54 of 2nd period - Shot Misses the Net.
18:35 of 2nd period - Shot by Olli Maatta.
18:35 of 2nd period - Shot Misses the Net.
19:05 of 2nd period - Nikita Kucherov is hit by Tyler Motte and loses puck.
19:13 of 2nd period - Torey Krug is hit by Trevor van Riemsdyk.
19:21 of 2nd period - Shot by Pierre-Luc Dubois.
19:21 of 2nd period - Stopped by Andrei Vasilevskiy with a rebound.
Goals for this period are 2 for ANAHEIM vs 1 for MINNESOTA.
Shots for this period are 6 for ANAHEIM vs 9 for MINNESOTA.

3rd period


0:01 of 3rd period - Connor McDavid wins face-off versus Tomas Hertl in neutral zone.
0:12 of 3rd period - Shot by Olli Maatta.
0:12 of 3rd period - Shot Misses the Net.
0:14 of 3rd period - Shot by Connor McDavid.
0:14 of 3rd period - Stopped by Andrei Vasilevskiy without a rebound.
0:15 of 3rd period - John Tavares wins face-off versus Evgeny Kuznetsov in MINNESOTA zone.
0:22 of 3rd period - Shot by Kyle Connor.
0:22 of 3rd period - Shot Blocked by Jake McCabe.
0:32 of 3rd period - Shot by John Tavares.
0:32 of 3rd period - Stopped by Cam Talbot without a rebound.
0:33 of 3rd period - Tomas Hertl wins face-off versus Connor McDavid in ANAHEIM zone.
0:34 of 3rd period - Shot by Erik Karlsson.
0:34 of 3rd period - Stopped by Cam Talbot without a rebound.
0:35 of 3rd period - Connor McDavid wins face-off versus Zach Hyman in ANAHEIM zone.
0:35 of 3rd period - Connor McDavid is hit by Mats Zuccarello.
0:50 of 3rd period - Icing by Olli Maatta.
0:51 of 3rd period - Jason Zucker wins face-off versus John Tavares in ANAHEIM zone.
1:03 of 3rd period - John Tavares is hit by Joel Edmundson and loses puck.
1:07 of 3rd period - Icing by Olli Maatta.
1:08 of 3rd period - Jason Zucker wins face-off versus Tomas Hertl in ANAHEIM zone.
1:08 of 3rd period - Minor Penalty to Zach Hyman for Hooking.
1:09 of 3rd period - Tomas Hertl wins face-off versus Evgeny Kuznetsov in MINNESOTA zone.
1:34 of 3rd period - Shot by Andreas Athanasiou.
1:34 of 3rd period - Stopped by Andrei Vasilevskiy without a rebound.
1:35 of 3rd period - Connor McDavid wins face-off versus Tomas Hertl in MINNESOTA zone.
1:45 of 3rd period - Icing by Frank Vatrano.
1:46 of 3rd period - Connor McDavid wins face-off versus Tomas Hertl in ANAHEIM zone.
2:21 of 3rd period - Shot by Olli Maatta.
2:21 of 3rd period - Stopped by Andrei Vasilevskiy with a rebound.
2:49 of 3rd period - Shot by Andreas Athanasiou.
2:49 of 3rd period - Shot Misses the Net.
2:51 of 3rd period - Shot by Evgeny Kuznetsov.
2:51 of 3rd period - Stopped by Andrei Vasilevskiy without a rebound.
2:52 of 3rd period - Johan Larsson wins face-off versus Evgeny Kuznetsov in MINNESOTA zone.
3:30 of 3rd period - Icing by Trevor van Riemsdyk.
3:31 of 3rd period - Johan Larsson wins face-off versus Pierre-Luc Dubois in ANAHEIM zone.
3:47 of 3rd period - Off-side.
3:48 of 3rd period - Connor McDavid wins face-off versus John Tavares in neutral zone.
3:55 of 3rd period - Shot by Connor McDavid.
3:55 of 3rd period - Deflect By Jason Zucker.
3:55 of 3rd period - Stopped by Andrei Vasilevskiy without a rebound.
3:56 of 3rd period - John Tavares wins face-off versus Connor McDavid in MINNESOTA zone.
4:13 of 3rd period - Shot by Jason Zucker.
4:13 of 3rd period - Stopped by Andrei Vasilevskiy without a rebound.
4:14 of 3rd period - Tomas Hertl wins face-off versus Evgeny Kuznetsov in MINNESOTA zone.
4:18 of 3rd period - Off-side.
4:19 of 3rd period - Tomas Hertl wins face-off versus Connor McDavid in neutral zone.
4:30 of 3rd period - Connor McDavid is hit by Mats Zuccarello and loses puck.
5:24 of 3rd period - Shot by John Tavares.
5:24 of 3rd period - Deflect By Nikita Kucherov.
5:24 of 3rd period - Stopped by Cam Talbot without a rebound.
5:25 of 3rd period - Pierre-Luc Dubois wins face-off versus Colin White in ANAHEIM zone.
5:44 of 3rd period - Shot by Colin White.
5:44 of 3rd period - Shot Misses the Net.
5:46 of 3rd period - Shot by Tanner Pearson.
5:46 of 3rd period - Shot Misses the Net.
5:56 of 3rd period - Shot by Tanner Pearson.
5:56 of 3rd period - Shot Blocked by Caleb Jones.
5:58 of 3rd period - Shot by Niklas Hjalmarsson.
5:58 of 3rd period - Shot Misses the Net.
6:04 of 3rd period - Shot by Tanner Pearson.
6:04 of 3rd period - Shot Misses the Net.
6:33 of 3rd period - Andreas Athanasiou is hit by Mark Giordano and loses puck.
6:51 of 3rd period - Icing by Jake McCabe.
6:52 of 3rd period - Tomas Hertl wins face-off versus Evgeny Kuznetsov in ANAHEIM zone.
7:44 of 3rd period - Minor Penalty to Niklas Hjalmarsson for Hooking.
7:45 of 3rd period - Connor McDavid wins face-off versus Tomas Hertl in MINNESOTA zone.
8:45 of 3rd period - Shot by Andrew Shaw.
8:45 of 3rd period - Stopped by Andrei Vasilevskiy without a rebound.
8:46 of 3rd period - Connor McDavid wins face-off versus Johan Larsson in MINNESOTA zone.
8:49 of 3rd period - Shot by Connor McDavid.
8:49 of 3rd period - Shot Misses the Net.
9:05 of 3rd period - Johan Larsson is hit by Frank Vatrano and loses puck.
9:10 of 3rd period - Shot by Connor McDavid.
9:10 of 3rd period - Shot Misses the Net.
10:04 of 3rd period - Pierre-Luc Dubois is hit by Mark Giordano and loses puck.
11:32 of 3rd period - Mats Zuccarello is hit by Mike Green and loses puck.
11:50 of 3rd period - Tomas Hertl is hit by Olli Maatta and loses puck.
12:17 of 3rd period - Icing by Pierre-Luc Dubois.
12:18 of 3rd period - Johan Larsson wins face-off versus Pierre-Luc Dubois in ANAHEIM zone.
12:19 of 3rd period - Shot by Matt Calvert.
12:19 of 3rd period - Shot Misses the Net.
12:47 of 3rd period - Shot by Niklas Hjalmarsson.
12:47 of 3rd period - Stopped by Cam Talbot with a rebound.
13:29 of 3rd period - Shot by Tanner Pearson.
13:29 of 3rd period - Stopped by Cam Talbot without a rebound.
13:30 of 3rd period - Tomas Hertl wins face-off versus Evgeny Kuznetsov in ANAHEIM zone.
13:49 of 3rd period - Shot by Anton Stralman.
13:49 of 3rd period - Shot Misses the Net.
14:24 of 3rd period - Off-side.
14:25 of 3rd period - Frank Vatrano wins face-off versus Colin White in neutral zone.
14:25 of 3rd period - Frank Vatrano is hit by Tanner Pearson.
15:15 of 3rd period - Shot by John Tavares.
15:15 of 3rd period - Shot Misses the Net.
15:25 of 3rd period - Shot by Nikita Kucherov.
15:25 of 3rd period - Shot Blocked by Olli Maatta.
15:27 of 3rd period - Shot by John Tavares.
15:27 of 3rd period - Shot Misses the Net.
15:49 of 3rd period - Shot by Nikita Kucherov.
15:49 of 3rd period - Deflect By John Tavares.
15:49 of 3rd period - Shot Misses the Net.
15:51 of 3rd period - Shot by Niklas Hjalmarsson.
15:51 of 3rd period - Stopped by Cam Talbot without a rebound.
15:52 of 3rd period - Mats Zuccarello wins face-off versus Pierre-Luc Dubois in ANAHEIM zone.
17:10 of 3rd period - Zach Sanford is hit by Erik Karlsson and loses puck.
17:14 of 3rd period - Icing by Matt Calvert.
17:15 of 3rd period - Johan Larsson wins face-off versus Evgeny Kuznetsov in MINNESOTA zone.
17:23 of 3rd period - Oliver Ekman-Larsson is hit by Caleb Jones and loses puck.
17:34 of 3rd period - Shot by Andreas Athanasiou.
17:34 of 3rd period - Stopped by Andrei Vasilevskiy with a rebound.
19:08 of 3rd period - Mats Zuccarello is hit by Jake McCabe.
19:44 of 3rd period - Dominik Kahun is hit by Olli Maatta and loses puck.
19:48 of 3rd period - Dominik Kahun is hit by Olli Maatta and loses puck.
Goals for this period are 0 for ANAHEIM vs 0 for MINNESOTA.
Shots for this period are 8 for ANAHEIM vs 6 for MINNESOTA.